 Dungeon Crawl Stone Soup version 0.26-a0-491-g70697cc071 (webtiles) character file.

Game seed: 0

(classic levelgen) 302822 HeadfulHorsecorpse the Impaler (level 21, 156/156 HPs)
             Began as a Merfolk Gladiator on Mar 4, 2019.
             Was a High Priest of Yredelemnul.
             Quit the game on level 3 of the Elven Halls on Aug 5, 2020.
             The game lasted 07:30:49 (48308 turns).

HeadfulHorsecorpse the Impaler (Merfolk Gladiator) Turns: 48308, Time: 07:30:49

Health: 156/156    AC: 37    Str: 25    XL:     21   Next: 7%
Magic:  34/34      EV: 34    Int:  9    God:    Yredelemnul [*****.]
Gold:   1940       SH:  0    Dex: 23    Spells: 20/20 levels left

rFire    . . .     SeeInvis +   g - +13 scythe of Curses {drain, *Curse} (curse)
rCold    . . .     Faith    .   (shield currently unavailable)
rNeg     . . .     Spirit   .   N - +9 plate armour of the Black Moon {Dex+4} (curse)
rPois    .         Reflect  .   X - +2 helmet {SInv} (curse)
rElec    .         Harm     .   d - +1 cloak (curse)
rCorr    .                      k - +0 pair of gloves of the Eternal Void {Str+6} (curse)
MR       +++..                  r - +2 pair of boots (curse)
Stlth    ..........             m - amulet of the acrobat (curse)
HPRegen  0.36/turn              Y - ring of protection from magic (curse) {MR+, !d}
MPRegen  0.24/turn              M - ring of protection from magic (curse) {MR+, !d}

@: acrobat
A: change form in water, swift swim, stealthy swim
}: 2/15 runes: barnacled, gossamer
a: Recall Undead Slaves, Injury Mirror, Animate Dead, Drain Life, Enslave Soul,
Renounce Religion


You were on level 3 of the Elven Halls.
You worshipped Yredelemnul.
Yredelemnul was extremely pleased with you.
You visited 8 branches of the dungeon, and saw 39 of its levels.
You visited 1 bazaar.
You also visited: Sewer and Ice Cave.

You collected 5079 gold pieces.
You spent 3139 gold pieces at shops.

Inventory:

Hand Weapons
 g - the cursed +13 scythe of Curses (weapon) {drain, *Curse}
   (You bought it in a shop in a bazaar)

   A truly terrible weapon, it drains the life of those it strikes.
   It curses itself when equipped.
   It has a curse placed upon it.
Missiles
 n - 7 throwing nets (quivered) {=f, !d}
Armour
 d - a cursed +1 cloak (worn)
   (You found it on level 9 of the Dungeon)
 k - the cursed +0 pair of gloves of the Eternal Void (worn) {Str+6}
   (You found it on level 3 of the Elven Halls)

   It affects your strength (+6).
   It has a curse placed upon it.
 r - a cursed +2 pair of boots (worn)
   (You found it on level 2 of the Dungeon)
 L - a cursed +1 pair of boots
   (You found it on level 3 of the Elven Halls)
 N - the cursed +9 plate armour of the Black Moon (worn) {Dex+4}
   (You found it on level 1 of the Lair of Beasts)

   It affects your dexterity (+4).
   It has a curse placed upon it.
 X - a cursed +2 helmet of see invisible (worn)
   (You acquired it on level 3 of the Shoals)
Jewellery
 a - the cursed ring of the Crushed Coins {Wiz +Blink Int+4}
   (You found it on level 3 of the Elven Halls)

   [ring of wizardry]

   It improves your spell success rate.
   It affects your intelligence (+4).
   It lets you blink.
   It has a curse placed upon it.
 m - a cursed amulet of the acrobat (around neck)
   (You found it on level 2 of the Dungeon)
 y - the cursed ring of Ewiezadu {Wiz rElec rN+}
   (You took it off a merfolk impaler on level 4 of the Shoals)

   [ring of wizardry]

   It improves your spell success rate.
   It insulates you from electricity.
   It protects you from negative energy.
   It has a curse placed upon it.
 z - a cursed ring of protection from fire {rF+, !d}
   (You bought it in a shop on level 2 of the Shoals)
 M - a cursed ring of protection from magic (right hand) {MR+, !d}
   (You found it on level 10 of the Dungeon)
 W - a cursed ring of protection from cold {rC+, !d}
   (You found it in an ice cave)
 Y - a cursed ring of protection from magic (left hand) {MR+, !d}
   (You found it on level 12 of the Dungeon)
Wands
 u - a wand of enslavement (10)
   (You found it on level 3 of the Elven Halls)
 D - a wand of polymorph (11)
   (You found it on level 5 of the Dungeon)
 J - a wand of flame (12)
   (You found it on level 3 of the Elven Halls)
 K - a wand of digging (11)
   (You found it on level 1 of the Vaults)
 S - a wand of paralysis (2)
   (You found it on level 2 of the Lair of Beasts)
 T - a wand of acid (10)
   (You found it on level 10 of the Dungeon)
 U - a wand of iceblast (13)
   (You found it on level 4 of the Lair of Beasts)
Scrolls
 l - 2 scrolls of brand weapon
 p - 8 scrolls of magic mapping {!r}
 q - 10 scrolls of teleportation
 s - 18 scrolls of remove curse
 A - 5 scrolls of blinking {!r}
 E - 2 scrolls of fog
 F - a scroll of torment {!r}
 Q - 5 scrolls of fear
 R - a scroll of silence
 V - 3 scrolls of vulnerability {!r!r}
Potions
 e - 17 potions of curing
 h - 8 potions of ambrosia
 i - 3 potions of heal wounds
 o - a potion of haste
 t - a potion of magic
 w - 3 potions of stabbing
 x - 3 potions of resistance
 B - 6 potions of cancellation
 C - 12 potions of mutation {!q}
 G - a potion of invisibility
 H - a potion of berserk rage {!q}
 I - 3 potions of lignification {!q}
 O - 4 potions of flight
 P - 9 potions of brilliance
 Z - 6 potions of might
Miscellaneous
 b - a phial of floods
   (You found it on level 3 of the Elven Halls)
 j - a removed sack of spiders
 v - a removed lamp of fire
   (You found it on level 10 of the Dungeon)
Comestibles
 c - a removed food {@w0}
 f - 38 removed foods


   Skills:
 - Level 11.0 Fighting
 * Level 19.8 Polearms
   Level 9.2(9.3) Slings
 - Level 2.0(7.2) Throwing
 + Level 15.3 Armour
 - Level 15.8 Dodging
   Level 12.2 Shields
   Level 2.4 Summonings
 + Level 18.0 Invocations


You had 20 spell levels left.
You didn't know any spells.
Your spell library contained the following spells:

 Spells                   Type           Power        Failure   Level
 Summon Small Mammal      Summ           #...         71%         1
 Call Imp                 Summ           #.......     85%         2
 Apportation              Tloc           #.....       96%         1
 Beastly Appendage        Tmut           #.....       96%         1
 Corona                   Hex            #......      96%         1
 Foxfire                  Conj/Fire      #...         96%         1
 Magic Dart               Conj           #...         96%         1
 Shock                    Conj/Air       #...         96%         1
 Sting                    Tmut/Pois      #...         96%         1
 Call Canine Familiar     Summ           #.......     97%         3
 Blink                    Tloc           N/A          99%         2
 Corpse Rot               Necr/Air       N/A          99%         2
 Ensorcelled Hibernation  Hex/Ice        #.....       99%         2
 Poisonous Vapours        Pois/Air       #.....       99%         2
 Slow                     Hex            #.......     99%         2
 Swiftness                Air            #.......     99%         2
 Wereblood                Tmut           #.......     99%         2
 Summon Guardian Golem    Hex/Summ       #.......     99%         3
 Confusing Touch          Hex            #.......     100%        3
 Conjure Flame            Conj/Fire      #.......     100%        3
 Dazzling Flash           Conj/Hex       #.....       100%        3
 Gell's Gravitas          Tloc           #.........   100%        3
 Ignite Poison            Fire/Tmut/Pois #.......     100%        3
 Inner Flame              Hex/Fire       #.......     100%        3
 Lesser Beckoning         Tloc           #.........   100%        3
 Mephitic Cloud           Conj/Pois/Air  #.......     100%        3
 Spider Form              Tmut/Pois      #.........   100%        3
 Static Discharge         Conj/Air       #.......     100%        3
 Stone Arrow              Conj/Erth      #.....       100%        3
 Tukima's Dance           Hex            #.......     100%        3
 Airstrike                Air            #.........   100%        4
 Cause Fear               Hex            #.........   100%        4
 Ice Form                 Ice/Tmut       #.......     100%        4
 Leda's Liquefaction      Hex/Erth       #.........   100%        4
 Olgreb's Toxic Radiance  Pois           #.......     100%        4
 Petrify                  Tmut/Erth      #.......     100%        4
 Sticky Flame             Conj/Fire      #.......     100%        4
 Summon Ice Beast         Ice/Summ       #.......     100%        4
 Summon Lightning Spire   Summ/Air       #.......     100%        4
 Alistair's Intoxication  Tmut/Pois      #........    100%        5
 Blade Hands              Tmut           #.........   100%        5
 Bolt of Magma            Conj/Fire/Erth #.........   100%        5
 Fireball                 Conj/Fire      #.........   100%        5
 Iskenderun's Battlesphe  Conj           #.......     100%        5
 Lightning Bolt           Conj/Air       #.........   100%        5
 Metabolic Englaciation   Hex/Ice        #.........   100%        5
 Silence                  Hex/Air        #.........   100%        5
 Summon Demon             Summ           #.........   100%        5
 Summon Forest            Summ/Tloc      #.........   100%        5
 Summon Mana Viper        Hex/Summ       #.......     100%        5
 Yara's Violent Unravell  Hex/Tmut       #.........   100%        5
 Freezing Cloud           Conj/Ice/Air   #.........   100%        6
 Hydra Form               Tmut           #.........   100%        6
 Invisibility             Hex            #.......     100%        6
 Iron Shot                Conj/Erth      #.........   100%        6
 Ozocubu's Refrigeration  Ice            #.........   100%        6
 Shadow Creatures         Summ           N/A          100%        6
 Simulacrum               Ice/Necr       #.........   100%        6
 Starburst                Conj/Fire      #.........   100%        6
 Dragon Form              Tmut           #.........   100%        7
 Orb of Destruction       Conj           #.........   100%        7
 Spellforged Servitor     Conj/Summ      #.........   100%        7
 Summon Hydra             Summ           #.........   100%        7
 Discord                  Hex            #.........   100%        8
 Ignition                 Fire           #.........   100%        8
 Dragon's Call            Summ           #.........   100%        9


Dungeon Overview and Level Annotations

Branches:
Dungeon (15/15)            Temple (1/1) D:5            Lair (6/6) D:9
 Shoals (4/4) Lair:2       Spider (4/4) Lair:2        Slime (0/5) Lair:5
    Orc (2/2) D:10            Elf (3/3) Orc:2        Vaults (4/5) D:14
  Crypt (0/3) Vaults:3     Depths (0/5) D:15

Altars:
Ashenzari
Cheibriados
Dithmenos
Elyvilon
Fedhas
Gozag
Hepliaklqana
Kikubaaqudgha
Makhleb
Nemelex Xobeh
Okawaru
Qazlal
Ru
Sif Muna
Trog
Uskayaw
Vehumet
Wu Jian
Xom
Yredelemnul
Zin
The Shining One
Jiyva

Shops:
D:5 :   D:7 ?   D:15 [   Orc:1 x   Orc:2 [*(:   Shoals:1 }   Shoals:2 =
Vaults:3 (

Portals:
Trove: D:13 (give 4 potions of resistance)

Annotations:
D:11 1 runed translucent door
Lair:4 exclusion: 3 oklob plants


Message History

There is an open translucent door here.
Your air elemental disappears in a puff of smoke!
A deep elf mage comes into view. It is wielding a +0 long sword.
Health restored: 156 The deep elf mage shouts!
The deep elf mage mumbles some strange words.
The orange demon screeches!
You slash the deep elf mage! You drain the deep elf mage.
The deep elf mage is engulfed in negative energy!
The deep elf mage is drained!
Sojobo casts a spell.
Your bone dragon closely misses the deep elf mage.
Your bone dragon claws the deep elf mage!
Your bone dragon closely misses the deep elf mage.
The deep elf mage hits your bone dragon but does no damage.
You slash the deep elf mage!
You kill the deep elf mage!
Yredelemnul accepts your kill.
The orange demon disappears in a puff of smoke!
Things that are here:
a +0 long sword; a +3 ring mail; an elf corpse You butcher the elf corpse.
c - a chunk of flesh {@w0}
Things that are here:
a +0 long sword; a +3 ring mail; an elf skeleton You swap places.
There is an open translucent door here.
There is an open door here.
Your air elemental disappears in a puff of smoke!
A deep elf mage comes into view. It is wielding a +0 short sword.
The deep elf mage shouts!
The deep elf mage gestures wildly while chanting.
A battlesphere comes into view.
You miss the deep elf mage.
The deep elf mage hits you but does no damage.
You slice the deep elf mage!!
The deep elf mage looks less resilient!
Your vampire mumbles some strange words.
Your vampire flickers and vanishes for a moment.
The deep elf mage gestures at you while chanting.
The orb of energy hits you!
The orb of energy explodes!
Sojobo gestures wildly while chanting.
You take 15 damage, and have 141/156 hp.
You slice the deep elf mage!!
You kill the deep elf mage!
Yredelemnul accepts your kill.
Your air elemental disappears in a puff of smoke!
There is an open translucent door, spattered with blood here.
Things that are here:
a +0 short sword; a +0 leather armour You swap places.
You swap places.
You swap places.
You swap places.
You swap places.
You swap places.
You swap places.
You swap places.
There is an open door here.
You swap places.
You swap places.
There is an open translucent door here.
You swap places.
You swap places.
You swap places.
Your air elemental disappears in a puff of smoke!
Things that are here:
a +0 long sword; a +3 ring mail; an elf skeleton You see here a pair of gloves.
There is an open door here.
There is an open door here.
You open the door.
There is an open door here.
You open the door.
There is an open translucent door here.
You open the door.
There is an open door here.
Partly explored, can't reach some places.
Health restored: 156 Partly explored, can't reach some places.
Save game and exit?
Welcome back, HeadfulHorsecorpse the Merfolk Gladiator.
Yredelemnul says: Carry the black torch!
Rouse the idle dead!
Okay, then.
You swap places.
Here: a vampire knight, wielding a +0 great sword and wearing a +0 plate armour (friendly)
Okay, then.
Save game and exit?
Options error: Bad channel -- pray (HDAMessageColors.rc:28) Options error: Bad channel -- food (HDAMessageColors.rc:31) Options error: Bad object type '%}\|' for autopickup. (HilariousDeathArtist.rc:711) Welcome back, HeadfulHorsecorpse the Merfolk Gladiator.
Yredelemnul says: Carry the black torch!
Rouse the idle dead!
Okay, then.
Okay, then.
Unknown command.
Partly explored, can't reach some items and places.
There's nothing to open nearby.
Unknown command.

z#..........#.V#..........#..#..#
Z#..........#..+..........#..#.<#
.############..#+######+.##..####
........n.VVV....................
########.V.....<.................
########..................#......
..#§§§##############Z##..#<#...##
#§§§#|##..................#......
#.§§#|##.......V@VV.....).......V
#§§§#§##.........................
..#§§§###########################
#######


You could see 3 friendly vampire knights and a friendly deep elf annihilator
zombie.

Vanquished Creatures
  Mennas (Vaults:3)
  Rupert (Lair:5)
  2 deep elf blademasters (Elf:3)
  A deep elf master archer (Elf:3)
  Kirke (D:13)
  A tengu reaver (Vaults:2)
  2 fire giants
  A ghost moth (Spider:4)
  3 vault wardens
  2 frost giants
  An orc warlord (Orc:2)
  A deep elf sorcerer (Elf:3)
  An emperor scorpion (Spider:4)
  7 ironheart preservers
  A deep elf elementalist (Elf:3)
  2 entropy weavers
  A stone giant (Vaults:3)
  The ghost of PeterQ the Victor of a Thousand Battles, a journeyman DsAs of Okawaru (Spider:2)
  A deep elf demonologist (Elf:3)
  4 deep elf annihilators (Elf:3)
  2 spark wasps (Spider:4)
  A dire elephant (Lair:6)
  2 ettins
  5 merfolk javelineers
  A fire dragon (Vaults:1)
  2 deep elf death magi (Elf:3)
  A deep elf high priest (Elf:3)
  4 merfolk impalers
  3 vault guards
  An ice dragon (Vaults:1)
  Harold (Orc:1)
  A catoblepas (Lair:3)
  4 hydras
  A death knight (Vaults:1)
  4 ogre magi
  A merfolk aquamancer (Shoals:4)
  18 two-headed ogres
  2 merfolk avatars
  6 dancing weapons
  A satyr (Shoals:4)
  3 centaur warriors
  A death yak (IceCv)
  7 deep elf knights
  3 orc high priests (Orc:2)
  The ghost of elum the Skirmisher, a novice DsWz of Gozag (D:8)
  3 deep trolls
  2 sea snakes
  2 wizards
  6 deep elf archers
  7 ironbrand convokers
  4 necromancers
  7 orc knights
  4 harpies
  A phantasmal warrior (Vaults:1)
  3 orc sorcerers (Orc:2)
  27 deep elf magi
  A stone giant zombie (Vaults:3)
  4 cyclopes
  12 ugly things
  10 wolf spiders
  A tengu skeleton (Vaults:3)
  2 elephants (Lair:4)
  4 manticores
  2 black mambas
  3 water nymphs
  An ice statue (IceCv)
  2 merfolk sirens
  4 vault sentinels
  A torpor snail (Lair:3)
  2 gargoyles (D:14)
  4 rime drakes
  3 cane toads
  7 yaktaurs
  8 komodo dragons
  A freezing wraith (Vaults:4)
  2 komodo dragons (shapeshifter)
  An efreet (D:14)
  4 demonic crawlers
  A yaktaur skeleton (Vaults:3)
  A jumping spider (shapeshifter) (Vaults:4)
  3 trolls
  2 wind drakes
  14 jumping spiders
  7 merfolk
  A polar bear (shapeshifter) (Vaults:3)
  21 polar bears
  16 blink frogs
  7 hornets
  8 slime creatures
  A hippogriff (shapeshifter) (Vaults:3)
  5 hippogriffs
  A snapping turtle (Shoals:4)
  Prince Ribbit (D:9)
  3 dream sheep
  A merfolk zombie (Shoals:4)
  29 redbacks
  A basilisk (D:13)
  7 tarantellas
  An air elemental (Elf:1)
  3 water elementals
  A fire elemental (Elf:1)
  A hog (D:13)
  53 yaks
  4 fire bats
  2 removed hungry ghosts
  3 wyverns
  2 wargs
  An orc skeleton (Orc:2)
  7 water moccasins
  A hell hound (D:14)
  A deep troll skeleton (Vaults:3)
  Purgy (Sewer)
  6 porcupines
  22 orc warriors
  4 ice beasts
  2 hornet zombies
  4 necrophages
  2 black bears
  2 sky beasts
  A human skeleton (Vaults:1)
  3 boggarts (Vaults:3)
  14 ogres
  14 wolves (IceCv)
  11 centaurs
  11 crocodiles
  2 yaktaur zombies (Vaults:1)
  5 big kobolds
  11 bullfrogs
  A human simulacrum (Vaults:2)
  11 killer bees
  A wight (D:7)
  3 bullfrog zombies
  7 crimson imps
  3 centaur zombies
  5 hounds
  2 jellies
  26 orc priests
  11 orc wizards
  A gnoll shaman (Orc:2)
  Ijyb (D:3)
  Terence (D:3)
  An iguana (D:13)
  7 worker ants
  A killer bee zombie (D:9)
  A hound skeleton (D:8)
  A worker ant zombie (D:7)
  10 gnolls
  A howler monkey skeleton (D:5)
  2 river rats (D:4)
  8 adders
  4 shadow imps
  A spectral adder (D:8)
  3 adder skeletons
  An adder zombie (D:8)
  A worm (D:2)
  2 dart slugs
  5 leopard geckos
  76 orcs
  4 ball pythons
  9 giant cockroaches
  6 goblins
  11 hobgoblins
  5 jackals
  7 quokkas
  5 bats
  5 frilled lizards
  14 kobolds
  9 rats
  A plant (Lair:3)
855 creatures vanquished.

Vanquished Creatures (collateral kills)
  A deep elf blademaster (Elf:3)
  2 krakens
  2 deep elf master archers (Elf:3)
  A tengu reaver (Vaults:2)
  The ghost of iamserjio the Peltast, an adept OpWn of Ru (Spider:4)
  Donald (Shoals:3)
  A storm dragon (Vaults:4)
  2 frost giants
  6 deep elf sorcerers (Elf:3)
  3 ghost moths (Spider:4)
  An emperor scorpion (Spider:3)
  Aizul (Vaults:4)
  7 vault wardens
  Louise (D:15)
  8 ironheart preservers
  4 deep elf elementalists (Elf:3)
  6 stone giants
  2 very ugly things (Vaults:3)
  5 deep elf demonologists (Elf:3)
  Azrael (D:14)
  4 entropy weavers
  5 deep elf annihilators (Elf:3)
  A spark wasp (Spider:4)
  6 merfolk javelineers (Shoals:4)
  12 merfolk impalers
  An ettin (Vaults:2)
  2 deep elf death magi
  5 yaktaur captains
  2 deep elf high priests (Elf:3)
  2 great orbs of eyes (Vaults:2)
  4 hydras
  A fire dragon (Vaults:1)
  2 ice dragons (Vaults:4)
  4 centaur warriors
  7 vault guards
  2 merfolk avatars
  3 merfolk aquamancers
  A death yak (IceCv)
  A deep troll shaman (Vaults:1)
  A satyr (Shoals:4)
  8 ogre magi
  21 dancing weapons
  25 two-headed ogres
  An orc high priest (Elf:1)
  2 deep troll earth magi
  Urug (Lair:4)
  8 deep elf knights
  11 deep trolls
  2 unseen horrors
  A storm dragon skeleton (Vaults:2)
  12 sea snakes
  A shadow wraith (Vaults:3)
  A wizard (Vaults:2)
  A phantasmal warrior (Vaults:1)
  2 tengu zombies (Vaults:2)
  7 deep elf archers
  6 harpies
  A necromancer (Vaults:2)
  A harpy (shapeshifter) (Vaults:4)
  19 orb spiders
  5 orc knights
  8 ironbrand convokers
  A tengu skeleton (Vaults:2)
  4 orc sorcerers
  25 wolf spiders
  27 deep elf magi
  10 ugly things
  8 fauns
  2 manticores (Shoals:4)
  2 cyclopes
  6 elephants
  2 moths of wrath (Spider:4)
  2 merfolk sirens
  A black mamba (Lair:6)
  6 vault sentinels
  3 centaur zombies
  A naga mage (D:15)
  6 cane toads
  4 water nymphs
  A centaur skeleton (D:14)
  2 yaktaur zombies
  3 torpor snails
  2 rime drakes
  A yaktaur (shapeshifter) (Vaults:4)
  6 komodo dragons
  4 freezing wraiths
  18 yaktaurs
  2 demonic crawlers
  A kobold demonologist (D:14)
  2 trolls
  23 merfolk
  30 jumping spiders
  4 hornets
  3 polar bears
  2 snapping turtles
  7 blink frogs
  2 wind drakes
  A human simulacrum (Vaults:2)
  A raiju (shapeshifter) (Vaults:3)
  6 hippogriffs
  7 slime creatures
  8 dream sheep
  A meliai zombie (D:10)
  A frost giant simulacrum (Vaults:3)
  A tarantella (shapeshifter) (Vaults:2)
  46 redbacks
  A centaur simulacrum (D:15)
  2 wyverns
  A wraith (Vaults:1)
  26 yaks
  2 vampires
  23 tarantellas
  2 fire bats (D:10)
  A hog (D:13)
  7 water elementals
  2 fire elementals (D:14)
  2 steam dragons
  A vampire mosquito (D:12)
  2 wargs
  An acid dragon (Vaults:1)
  8 water moccasins
  4 hell hounds (D:14)
  A floating eye (shapeshifter) (Vaults:4)
  A black bear (D:11)
  2 porcupines (Lair:3)
  A human zombie (Vaults:3)
  11 orc warriors
  2 ice beasts
  A necrophage (D:11)
  15 ogres
  7 centaurs
  3 wolves (IceCv)
  A boggart (Vaults:3)
  A human skeleton (Vaults:3)
  6 crocodiles
  7 bullfrogs
  An earth elemental (Elf:1)
  A wyvern zombie (D:13)
  3 crimson imps
  7 orc priests
  2 orc wizards
  3 worker ants
  A gnoll (D:11)
  An adder (D:12)
  19 orcs
  19 fungi
  23 plants
  3 tentacles (Shoals:1)
  A withered plant (Spider:2)
789 creatures vanquished.

Vanquished Creatures (others)
  A profane servitor (Vaults:3)
  A bone dragon (Vaults:2)
  5 ghouls
  4 vampire knights
  A merfolk impaler (Shoals:4)
  2 yaktaur captains
  A spectral minotaur (Vaults:2)
  A merfolk aquamancer (Shoals:4)
  An ogre mage (D:14)
  7 skeletal warriors
  3 flayed ghosts
  3 phantasmal warriors
  4 wolf spider zombies
  A deep elf mage (Elf:1)
  2 ugly thing zombies (D:14)
  3 human zombies
  A manticore (Shoals:4)
  An emperor scorpion zombie (Spider:4)
  4 sea snake zombies
  2 death yak zombies (IceCv)
  2 yaktaurs
  21 redback zombies
  5 harpy zombies
  A hydra zombie (Lair:6)
  2 demonic crawler zombies (Spider:4)
  7 jumping spider zombies
  2 tarantella zombies
  An elf skeleton (Elf:3)
  22 flying skulls
  A black mamba zombie (Lair:6)
  2 vampires
  A wraith (D:14)
  2 humans (D:13)
  3 two-headed ogre zombies
  2 deep troll zombies
  3 merfolk zombies
  A spectral ogre (D:14)
  6 orb spider zombies
  2 cane toad zombies
  5 hornet zombies
  9 elf zombies
  6 blink frog zombies
  A dream sheep zombie (Lair:6)
  A manticore zombie (Shoals:4)
  A centaur (Shoals:4)
  A rime drake zombie (Lair:6)
  A torpor snail zombie (Spider:4)
  2 blink frog skeletons
  2 komodo dragon zombies
  3 rime drake skeletons
  A hippogriff zombie (Lair:4)
  A yaktaur zombie (Vaults:4)
  2 hell hound zombies (D:14)
  4 wyvern zombies
  A yaktaur skeleton (Vaults:3)
  5 water moccasin zombies
  7 yak zombies
  4 polar bear zombies (IceCv)
  2 polar bear skeletons (IceCv)
  A warg skeleton (Orc:1)
  4 wights
  9 wolf zombies (IceCv)
  5 yak skeletons
  4 bullfrog zombies
  4 centaur zombies
  A bullfrog skeleton (D:14)
  2 orc wizards (Orc:2)
  A porcupine zombie (Lair:3)
  8 ogre zombies
  A big kobold zombie (D:14)
  2 crocodile zombies
  3 crocodile skeletons (Lair:6)
  A hound zombie (D:14)
  A hound skeleton (D:13)
  A worker ant zombie (D:11)
  3 gnoll zombies (Orc:2)
  2 gnoll skeletons
  12 orc skeletons
  23 orc zombies
  6 fungi
  3 plants
  6 tentacles
  A withered plant (Spider:2)
297 creatures vanquished.

Grand Total: 1941 creatures vanquished

Notes
Turn   | Place    | Note
-------+----------+-------------------------------------------
     0 | D:1      | HeadfulHorsecorpse the Merfolk Gladiator began the quest
                  | for the Orb.
     0 | D:1      | Reached XP level 1. HP: 16/16 MP: 1/1
   340 | D:1      | Reached XP level 2. HP: 17/22 MP: 2/2
   409 | D:1      | Reached skill level 5 in Polearms
  1216 | D:2      | Reached XP level 3. HP: 27/27 MP: 3/3
  1826 | D:3      | Noticed a bullfrog
  1858 | D:3      | Reached skill level 6 in Polearms
  2013 | D:3      | Noticed Ijyb
  2029 | D:3      | Killed Ijyb
  2029 | D:3      | Reached skill level 5 in Dodging
  2029 | D:3      | Reached XP level 4. HP: 23/33 MP: 4/4
  2202 | D:3      | Noticed Terence
  2217 | D:3      | Killed Terence
  2217 | D:3      | Reached XP level 5. HP: 38/38 MP: 5/5
  2257 | D:3      | Reached skill level 7 in Polearms
  2431 | D:3      | Found a shimmering altar of Xom.
  2432 | D:3      | Found a hazy altar of Hepliaklqana.
  2433 | D:3      | Noticed a spectral ugly thing
  2718 | D:3      | Reached skill level 1 in Armour
  2970 | D:4      | Reached XP level 6. HP: 36/44 MP: 6/6
  3156 | D:4      | Reached skill level 8 in Polearms
  3157 | D:4      | HP: 11/44 [river rat (5)]
  3194 | D:4      | Reached skill level 6 in Dodging
  3206 | D:4      | HP: 5/44 [orc priest/nerve-wracking pain (8)]
  3216 | D:4      | HP: 7/44 [orc priest/divine providence (10)]
  3243 | D:4      | Found a glowing drain.
  3274 | Sewer    | Entered a sewer
  3366 | Sewer    | Noticed Purgy
  3372 | Sewer    | Killed Purgy
  3372 | Sewer    | Reached XP level 7. HP: 50/50 MP: 7/7
  4007 | D:5      | Entered Level 5 of the Dungeon
  4073 | D:5      | Found Mef Zoosoiq's Book Shop.
  4106 | D:5      | Got a brightly glowing buckler
  4112 | D:5      | Identified the +6 buckler of the Mantidfly {rF+ Regen+
                  | Int-3 Dex+5} (You found it on level 5 of the Dungeon)
  4132 | D:5      | Reached skill level 2 in Armour
  4142 | D:5      | Found a staircase to the Ecumenical Temple.
  4149 | Temple   | Entered the Ecumenical Temple
  4419 | D:5      | Noticed Grinder
  4420 | D:5      | Noticed Grinder
  4420 | D:5      | Grinder changed into Grinder the crimson imp
  4484 | D:5      | Reached skill level 9 in Polearms
  4484 | D:5      | Reached skill level 1 in Shields
  4505 | D:5      | Killed Grinder the crimson imp
  4537 | D:5      | Found an iron altar of Okawaru.
  4537 | D:5      | Found an ancient bone altar of Kikubaaqudgha.
  4538 | D:5      | Found a bloodstained altar of Trog.
  4773 | D:6      | Reached skill level 2 in Shields
  4858 | D:5      | Reached skill level 7 in Dodging
  4858 | D:5      | Reached XP level 8. HP: 50/56 MP: 8/8
  4926 | D:6      | Found an ornate altar of the Wu Jian Council.
  5019 | D:5      | Reached skill level 3 in Shields
  5498 | D:6      | Reached skill level 3 in Armour
  5498 | D:6      | Reached skill level 4 in Shields
  5554 | D:6      | Reached skill level 10 in Polearms
  6077 | D:7      | Reached skill level 8 in Dodging
  6340 | D:7      | Reached skill level 11 in Polearms
  6340 | D:7      | Reached XP level 9. HP: 60/61 MP: 9/9
  6746 | D:7      | Reached skill level 4 in Armour
  6755 | D:7      | Reached skill level 12 in Polearms
  6755 | D:7      | Reached skill level 9 in Dodging
  6807 | D:7      | Found Zumegheg's Magic Scroll Shoppe.
  6810 | D:7      | Bought a scroll of identify for 22 gold pieces
  6810 | D:7      | Bought a scroll of identify for 22 gold pieces
  6810 | D:7      | Bought a scroll of identify for 22 gold pieces
  7505 | D:8      | Found a white marble altar of Elyvilon.
  7505 | D:8      | Found a faded altar of an unknown god.
  7511 | D:8      | Found a basalt altar of Yredelemnul.
  7514 | D:8      | Found an opulent altar of Gozag.
  7521 | D:8      | Found a shadowy altar of Dithmenos.
  7524 | D:8      | Became a worshipper of Yredelemnul the Dark
  7671 | D:8      | Reached skill level 13 in Polearms
  7742 | D:8      | Found a runed translucent gate.
  7742 | D:8      | Found a runed translucent gate.
  7743 | D:8      | Found a runed translucent gate.
  7747 | D:8      | Noticed elum's ghost (novice DsWz)
  7825 | D:8      | Reached skill level 1 in Invocations
  7825 | D:8      | Reached XP level 10. HP: 56/67 MP: 10/10
  8444 | D:9      | Found a staircase to the Lair.
  8468 | D:9      | Reached skill level 10 in Dodging
  8655 | D:9      | Reached skill level 2 in Invocations
  8671 | D:9      | Found a shattered altar of Ashenzari.
  8671 | D:9      | Found a sparkling altar of Nemelex Xobeh.
  8676 | D:9      | Noticed Maurice
  8677 | D:9      | Noticed Maurice
  8677 | D:9      | Maurice changed into Maurice the fire bat
  8687 | D:9      | Killed Maurice the fire bat
  8896 | D:9      | Noticed Prince Ribbit
  8917 | D:9      | Killed Prince Ribbit
  8917 | D:9      | Reached skill level 5 in Armour
  9301 | D:10     | Entered Level 10 of the Dungeon
  9329 | D:10     | Reached * piety under Yredelemnul
  9501 | D:10     | Found a staircase to the Orcish Mines.
  9576 | D:10     | Reached skill level 14 in Polearms
  9593 | D:10     | Reached skill level 3 in Invocations
  9594 | D:10     | Noticed a fire giant
  9659 | Lair:1   | Entered Level 1 of the Lair of Beasts
 10149 | D:9      | Reached skill level 1 in Slings
 10313 | Lair:1   | Noticed an eight-headed hydra
 10320 | Lair:1   | Reached skill level 2 in Slings
 10328 | Lair:1   | Reached skill level 4 in Invocations
 10331 | Lair:1   | Killed an eight-headed hydra
 10331 | Lair:1   | Reached skill level 3 in Slings
 10331 | Lair:1   | Reached skill level 11 in Dodging
 10348 | Lair:1   | Reached XP level 11. HP: 71/71 MP: 14/14
 10428 | Lair:1   | Reached skill level 4 in Slings
 10428 | Lair:1   | Reached skill level 5 in Invocations
 10582 | Lair:1   | Got a jewelled plate armour
 10593 | Lair:1   | Identified the +9 plate armour of the Black Moon {Dex+4}
                  | (You found it on level 1 of the Lair of Beasts)
 10608 | Lair:1   | Found the +8 demon blade "Bloodbane" {slice, *Rage +Rage
                  | Stlth-}
 10839 | Lair:1   | Noticed an eight-headed hydra
 10846 | Lair:1   | Killed an eight-headed hydra
 10846 | Lair:1   | Reached skill level 6 in Armour
 10867 | Lair:1   | Reached ** piety under Yredelemnul
 11324 | Lair:2   | Found a hole to the Spider Nest.
 11518 | Lair:2   | Reached skill level 6 in Invocations
 11523 | Lair:2   | Found a staircase to the Shoals.
 11523 | Lair:2   | Noticed a manticore
 11541 | Lair:2   | Killed a manticore
 11616 | Lair:2   | Reached skill level 12 in Dodging
 11787 | Lair:2   | Reached skill level 5 in Slings
 11824 | Lair:2   | Noticed a four-headed hydra
 11836 | Lair:2   | Killed a four-headed hydra
 11836 | Lair:2   | Reached skill level 7 in Armour
 11949 | Lair:2   | Reached XP level 12. HP: 59/77 MP: 16/16
 12404 | Lair:3   | Reached *** piety under Yredelemnul
 12437 | Lair:3   | Reached skill level 7 in Invocations
 13074 | Lair:3   | Found a runed translucent door.
 13236 | Lair:3   | Noticed a six-headed hydra
 13274 | Lair:4   | Noticed Urug
 13444 | Lair:4   | Noticed a catoblepas
 13497 | Lair:4   | Noticed a seven-headed hydra
 13514 | Lair:4   | Killed a seven-headed hydra
 13581 | Lair:3   | Reached skill level 8 in Armour
 13732 | Lair:4   | Reached skill level 6 in Slings
 13848 | Lair:4   | Received a gift from Yredelemnul (2 flying skulls)
 13869 | Lair:4   | Reached skill level 13 in Dodging
 14032 | Lair:4   | Reached skill level 8 in Invocations
 14117 | Lair:3   | Killed a catoblepas
 14212 | Lair:4   | Killed Urug
 14581 | Lair:5   | Found a staircase to the Slime Pits.
 14582 | Lair:5   | Found a viscous altar of Jiyva.
 14774 | Lair:5   | Noticed Rupert
 14816 | Lair:5   | Killed Rupert
 14816 | Lair:5   | Reached skill level 9 in Armour
 14816 | Lair:5   | Reached XP level 13. HP: 47/83 MP: 19/19
 15080 | Lair:5   | Your ally Rupert died
 15119 | Lair:5   | Reached **** piety under Yredelemnul
 15708 | Lair:5   | Found a shattered altar of Ashenzari.
 15802 | Lair:6   | Entered Level 6 of the Lair of Beasts
 15954 | Lair:6   | Reached skill level 9 in Invocations
 16332 | Lair:6   | Received a gift from Yredelemnul (a wight)
 16374 | Lair:6   | Reached skill level 14 in Dodging
 16471 | Lair:6   | Got a bloodstained ring mail
 16500 | Lair:6   | Identified the +0 ring mail of the Invisible Hand {rN+}
                  | (You found it on level 6 of the Lair of Beasts)
 16587 | Lair:6   | Noticed a dire elephant
 16631 | Lair:6   | Killed a dire elephant
 16650 | Lair:6   | Reached skill level 10 in Armour
 16689 | Lair:6   | Learned a level 7 spell: Summon Butterflies
 17173 | Lair:3   | Reached skill level 1 in Summonings
 17420 | D:8      | Killed elum's ghost
 17471 | D:8      | Upgraded the game from 0.24-a0-140-gcaa6c10b7c to
                  | 0.24-a0-163-g64c5a76fe2
 17638 | D:10     | Reached ***** piety under Yredelemnul
 17915 | D:10     | Received a gift from Yredelemnul (4 flying skulls)
 17951 | D:11     | Found a glowing golden altar of the Shining One.
 17951 | D:11     | Found a runed translucent door.
 17951 | D:11     | Noticed an angel
 18126 | D:11     | Reached skill level 2 in Summonings
 18126 | D:11     | Reached skill level 10 in Invocations
 18126 | D:11     | Reached XP level 14. HP: 90/90 MP: 21/21
 18343 | D:11     | Received a gift from Yredelemnul (5 flying skulls)
 18875 | D:12     | Found a frozen archway.
 18893 | IceCv    | Entered an ice cave
 18992 | IceCv    | Received a gift from Yredelemnul (a wight)
 19561 | IceCv    | Reached skill level 15 in Polearms
 19765 | IceCv    | Reached skill level 15 in Dodging
 19780 | IceCv    | Received a gift from Yredelemnul (3 flying skulls)
 19914 | IceCv    | Noticed a frost giant
 19993 | IceCv    | Killed a frost giant
 20208 | D:12     | Reached skill level 3 in Fighting
 20337 | D:12     | Received a gift from Yredelemnul (a wight)
 20865 | D:10     | Killed a fire giant
 21478 | D:10     | Received a gift from Yredelemnul (a wight)
 21706 | Orc:1    | Entered Level 1 of the Orcish Mines
 21731 | Orc:1    | Found Eqiraesu's Food Emporium.
 22008 | Orc:2    | Entered Level 2 of the Orcish Mines
 22008 | Orc:2    | Found a staircase to the Elven Halls.
 22290 | Orc:2    | Reached skill level 4 in Fighting
 22290 | Orc:2    | Reached skill level 11 in Invocations
 22464 | Orc:2    | Noticed an orc warlord
 22682 | Orc:2    | Paralysed by an orc sorcerer for 6 turns
 22852 | Orc:2    | Killed an orc warlord
 22900 | Orc:2    | Reached skill level 5 in Fighting
 22900 | Orc:2    | Reached skill level 11 in Armour
 22901 | Orc:2    | Reached XP level 15. HP: 97/103 MP: 16/23
 22958 | Orc:2    | Received a gift from Yredelemnul (a wraith)
 23134 | Orc:2    | Found Tuudih's Antique Armour Emporium.
 23135 | Orc:2    | Found Fanwua's Antique Weapon Emporium.
 23136 | Orc:2    | Found Idynkuor's General Store.
 23136 | Orc:2    | Found Avoafa's Book Shoppe.
 23364 | Orc:1    | Noticed Harold
 23378 | Orc:1    | Killed Harold
 23630 | D:13     | Found a portal to a secret trove of treasure.
 23714 | D:13     | Received a gift from Yredelemnul (3 flying skulls)
 23721 | D:13     | Noticed Kirke
 23745 | D:13     | Killed Kirke
 23800 | D:13     | Noticed Erolcha
 23812 | D:13     | Killed Erolcha
 23812 | D:13     | Enslaved Erolcha
 23952 | D:13     | Reached skill level 6 in Fighting
 23965 | D:13     | Received a gift from Yredelemnul (2 flying skulls)
 24215 | D:14     | Noticed Azrael
 24229 | D:14     | Killed Azrael
 24285 | D:14     | Received a gift from Yredelemnul (3 flying skulls)
 24550 | D:14     | Found a gate to the Vaults.
 24550 | D:14     | Your ally Erolcha died
 24565 | D:14     | Reached skill level 12 in Invocations
 24880 | D:14     | Reached skill level 16 in Polearms
 24888 | D:14     | Reached skill level 7 in Fighting
 24888 | D:14     | Received a gift from Yredelemnul (a vampire knight)
 24977 | D:15     | Entered Level 15 of the Dungeon
 25815 | D:15     | Found a staircase to the Depths.
 25827 | D:15     | Received a gift from Yredelemnul (a phantasmal warrior)
 25883 | D:15     | Found a shadowy altar of Dithmenos.
 25883 | D:15     | Noticed Louise
 25906 | D:15     | Killed Louise
 25974 | D:15     | Found Picseudd's Specialty Armours.
 26152 | D:15     | Upgraded the game from 0.24-a0-163-g64c5a76fe2 to
                  | 0.24-a0-170-gd8427f5388
 26391 | Orc:2    | Bought a scroll of blinking for 97 gold pieces
 26391 | Orc:2    | Bought a potion of brilliance for 52 gold pieces
 26391 | Orc:2    | Bought a scroll of holy word for 97 gold pieces
 26391 | Orc:2    | Bought a scroll of enchant armour for 97 gold pieces
 26838 | Spider:1 | Entered Level 1 of the Spider Nest
 27100 | Spider:1 | Received a gift from Yredelemnul (a ghoul)
 27402 | Spider:1 | Reached skill level 8 in Fighting
 27404 | Spider:1 | Reached ****** piety under Yredelemnul
 27593 | Spider:1 | Reached XP level 16. HP: 105/117 MP: 25/25
 28553 | Spider:2 | You fall through a shaft!
 28829 | Spider:2 | Received a gift from Yredelemnul (a vampire)
 29045 | Spider:2 | Reached skill level 13 in Invocations
 29078 | Spider:2 | Found a runed translucent door.
 29079 | Spider:2 | Noticed PeterQ's ghost (journeyman DsAs)
 29115 | Spider:2 | Reached skill level 17 in Polearms
 29445 | Spider:2 | Killed PeterQ's ghost
 29469 | Spider:3 | Upgraded the game from 0.24-a0-170-gd8427f5388 to
                  | 0.24-a0-201-gf2055891f0
 29700 | Spider:3 | Found the +11 plutonium sword {*Contam Stlth-}
 29742 | Spider:3 | Reached skill level 9 in Fighting
 30146 | Spider:3 | Reached skill level 12 in Armour
 30146 | Spider:3 | Received a gift from Yredelemnul (a skeletal warrior)
 30340 | Spider:4 | Entered Level 4 of the Spider Nest
 30461 | Spider:4 | Noticed iamserjio's ghost (adept OpWn)
 30511 | Spider:4 | Found a runed translucent gate.
 30512 | Spider:4 | Found a runed translucent gate.
 30513 | Spider:4 | Found a runed translucent gate.
 30557 | Spider:4 | Killed iamserjio's ghost
 30572 | Spider:4 | Got a wavering jade ring
 30574 | Spider:4 | Identified the cursed ring of the Queen {Str+3 Int-3} (You
                  | found it on level 4 of the Spider Nest)
 30737 | Spider:4 | Reached skill level 7 in Slings
 30969 | Spider:4 | Received a gift from Yredelemnul (a phantasmal warrior)
 31204 | Spider:4 | Received a gift from Yredelemnul (a vampire knight)
 31371 | Spider:4 | Reached skill level 8 in Slings
 31511 | Spider:4 | Got a pair of distressingly furry gloves
 31517 | Spider:4 | Identified the +2 pair of gloves "Noesch" {-Tele Regen+
                  | Stlth+} (You found it on level 4 of the Spider Nest)
 31580 | Spider:4 | Got a gossamer rune of Zot
 31821 | Shoals:1 | Entered Level 1 of the Shoals
 31891 | Shoals:1 | Found Pegyhealo's Gadget Emporium.
 32128 | Shoals:1 | Reached skill level 10 in Fighting
 32208 | Shoals:1 | Reached XP level 17. HP: 128/128 MP: 26/26
 32219 | Shoals:1 | Found an opulent altar of Gozag.
 32220 | Shoals:1 | Received a gift from Yredelemnul (a vampire knight)
 32235 | Shoals:1 | Noticed a kraken
 32253 | Shoals:1 | Killed a kraken
 32681 | Shoals:2 | Received a gift from Yredelemnul (a ghoul)
 32852 | Shoals:2 | Reached skill level 18 in Polearms
 33090 | Shoals:2 | Found Rileret's Jewellery Boutique.
 33096 | Shoals:2 | Bought an uncursed ring of protection from fire for 250
                  | gold pieces
 33153 | Shoals:2 | Received a gift from Yredelemnul (a skeletal warrior)
 33855 | Shoals:3 | Identified a scroll of acquirement
 33889 | Shoals:3 | Noticed Donald
 33911 | Shoals:3 | Killed Donald
 33912 | Shoals:3 | Reached skill level 9 in Slings
 34422 | Shoals:4 | Entered Level 4 of the Shoals
 34527 | Shoals:4 | HP: 32/129 [poisoned by a merfolk impaler]
 34529 | Shoals:4 | HP: 15/129 [poisoned by a merfolk impaler]
 34534 | Shoals:4 | HP: 12/129 [poisoned by a merfolk impaler]
 34541 | Shoals:4 | HP: 25/129 [merfolk javelineer/javelin (10)]
 34547 | Shoals:4 | HP: 26/129 [poisoned by a merfolk impaler]
 34552 | Shoals:4 | HP: 26/129 [poisoned by a merfolk impaler]
 34558 | Shoals:4 | HP: 27/129 [poisoned by a merfolk impaler]
 34563 | Shoals:4 | HP: 21/129 [merfolk impaler/+0 trident of freezing (7)]
 34565 | Shoals:4 | HP: 9/129 [merfolk impaler/+0 trident of freezing (12)]
 34567 | Shoals:4 | Noticed a kraken
 34571 | Shoals:4 | HP: 31/129 [poisoned by a merfolk impaler]
 34751 | Shoals:4 | Reached skill level 11 in Fighting
 34752 | Shoals:4 | Received a gift from Yredelemnul (a vampire knight)
 34806 | Shoals:4 | Identified the ring of Ewiezadu {Wiz rElec rN+}
 34912 | Shoals:4 | Killed a kraken
 35105 | Shoals:4 | Received a gift from Yredelemnul (a skeletal warrior)
 35325 | Shoals:4 | Reached skill level 5 in Shields
 35488 | Shoals:4 | Received a gift from Yredelemnul (a bone dragon)
 35595 | Shoals:4 | Reached skill level 14 in Invocations
 35910 | Shoals:4 | Got a barnacled rune of Zot
 36438 | Vaults:1 | Entered Level 1 of the Vaults
 36449 | D:14     | Reached skill level 13 in Armour
 36501 | D:14     | Reached XP level 18. HP: 130/138 MP: 28/28
 36766 | Vaults:1 | Reached skill level 6 in Shields
 36789 | Vaults:1 | Received a gift from Yredelemnul (a profane servitor)
 37312 | Vaults:1 | Received a gift from Yredelemnul (a skeletal warrior)
 37339 | Vaults:1 | Reached skill level 7 in Shields
 37527 | Vaults:1 | Received a gift from Yredelemnul (a flayed ghost)
 37788 | Vaults:1 | Received a gift from Yredelemnul (a ghoul)
 38015 | Vaults:1 | Received a gift from Yredelemnul (a phantasmal warrior)
 38779 | Vaults:2 | Reached skill level 15 in Invocations
 38849 | Vaults:2 | Reached skill level 8 in Shields
 38858 | Vaults:2 | Received a gift from Yredelemnul (a bone dragon)
 38996 | Vaults:2 | Received a gift from Yredelemnul (a flayed ghost)
 39023 | Vaults:2 | Got a distressingly furry chain mail
 39034 | Vaults:2 | Identified the +6 chain mail "Roreo" {rElec} (You found it
                  | on level 2 of the Vaults)
 39202 | Vaults:2 | Received a gift from Yredelemnul (a vampire)
 39576 | Vaults:2 | Noticed Asterion
 39577 | Vaults:2 | Noticed Sojobo
 39598 | Vaults:2 | Killed Asterion
 39598 | Vaults:2 | Enslaved Asterion
 39602 | Vaults:2 | Your ally Asterion died
 39608 | Vaults:2 | Reached XP level 19. HP: 57/143 MP: 2/30
 39611 | Vaults:2 | Reached skill level 9 in Shields
 39612 | Vaults:2 | Received a gift from Yredelemnul (a vampire knight)
 39613 | Vaults:2 | Killed Sojobo
 39613 | Vaults:2 | Enslaved Sojobo
 40170 | Vaults:3 | Received a gift from Yredelemnul (a vampire knight)
 40360 | Vaults:3 | Reached skill level 14 in Armour
 40767 | Vaults:3 | Received a gift from Yredelemnul (a vampire knight)
 40901 | Vaults:3 | Found a staircase to the Crypt.
 40901 | Vaults:3 | Found a basalt altar of Yredelemnul.
 40902 | Vaults:3 | Found an ancient bone altar of Kikubaaqudgha.
 41020 | Vaults:3 | Reached skill level 16 in Invocations
 41106 | Vaults:3 | Found Kyithoh's Weapon Shop.
 41190 | Vaults:3 | Reached skill level 10 in Shields
 41192 | Vaults:3 | Received a gift from Yredelemnul (a skeletal warrior)
 41260 | Vaults:3 | Noticed Mennas
 41286 | Vaults:3 | Killed Mennas
 41742 | Vaults:4 | Received a gift from Yredelemnul (a ghoul)
 41875 | Vaults:4 | Noticed Aizul
 41883 | Vaults:4 | Killed Aizul
 42051 | Vaults:4 | Paralysed by a floating eye for 4 turns
 42055 | Vaults:4 | Received a gift from Yredelemnul (a vampire knight)
 42791 | Vaults:4 | Reached skill level 11 in Shields
 42792 | Vaults:4 | Received a gift from Yredelemnul (a ghoul)
 43098 | Vaults:4 | Reached XP level 20. HP: 150/150 MP: 32/32
 43147 | Vaults:4 | Received a gift from Yredelemnul (a skeletal warrior)
 43279 | Vaults:4 | Reached skill level 17 in Invocations
 43287 | Vaults:4 | Received a gift from Yredelemnul (a skeletal warrior)
 43871 | Vaults:4 | Upgraded the game from 0.24-a0-201-gf2055891f0 to
                  | 0.24-a0-203-gf0bc1e94ae
 44259 | Elf:1    | Entered Level 1 of the Elven Halls
 44798 | Elf:1    | Received a gift from Yredelemnul (a bone dragon)
 45328 | Elf:1    | Received a gift from Yredelemnul (a ghoul)
 46035 | Elf:2    | Reached skill level 12 in Shields
 46041 | Elf:2    | Found a runed translucent gate.
 46041 | Elf:2    | Found a runed translucent gate.
 46041 | Elf:2    | Found a runed translucent gate.
 46255 | Elf:2    | Received a gift from Yredelemnul (a flayed ghost)
 46493 | Elf:2    | Reached skill level 15 in Armour
 46667 | Elf:2    | Received a gift from Yredelemnul (a vampire)
 46818 | Elf:3    | Entered Level 3 of the Elven Halls
 46854 | Elf:3    | Identified the ring of the Crushed Coins {Wiz +Blink Int+4}
                  | (You found it on level 3 of the Elven Halls)
 46866 | Elf:3    | Found a flickering gateway to a bazaar.
 46888 | Bazaar   | Entered a bazaar
 46896 | Bazaar   | Found Yqokas's Antique Weapon Shoppe.
 46909 | Bazaar   | Found Gila's Antique Weapon Emporium.
 46924 | Bazaar   | Found Feetyze's Antique Armour Emporium.
 46935 | Bazaar   | Found Ykhac's Antique Armour Shoppe.
 46971 | Bazaar   | Bought the cursed +13 scythe of Curses {drain, *Curse} for
                  | 2480 gold pieces
 46971 | Bazaar   | Found the cursed +13 scythe of Curses {drain, *Curse}
 47238 | Elf:3    | Received a gift from Yredelemnul (a skeletal warrior)
 47285 | Elf:3    | Reached skill level 19 in Polearms
 47293 | Elf:3    | Received a gift from Yredelemnul (a ghoul)
 47317 | Elf:3    | Received a gift from Yredelemnul (a vampire knight)
 47323 | Elf:3    | Received a gift from Yredelemnul (a vampire)
 47344 | Elf:3    | Reached XP level 21. HP: 125/156 MP: 13/33
 47602 | Elf:3    | Found the +4 dagger "Morg" {pain, MR+ Int+5}
 47714 | Elf:3    | Got a pair of smoking gloves
 47726 | Elf:3    | Identified the cursed +0 pair of gloves of the Eternal Void
                  | {Str+6} (You found it on level 3 of the Elven Halls)
 47765 | Elf:3    | Reached skill level 18 in Invocations
 47912 | Elf:3    | Got a flickering platinum ring
 47916 | Elf:3    | Identified the ring "Wuem" {Ice rN+ Int+4} (You found it on
                  | level 3 of the Elven Halls)
 48308 | Elf:3    | Upgraded the game from 0.24-a0-203-gf0bc1e94ae to
                  | 0.26-a0-491-g70697cc071
 48308 | Elf:3    | Quit the game

Illustrated notes

Levels and vault maps discovered:
D:1:      dpeg_arrival_yet_another_circle, layout_loops_corners
D:2:      layout_loops_ring
D:3:      layout_basic, regret_index_temple_of_mockery, uniq_terence, uniq_ijyb
D:4:      layout_basic, first_ration, portal_sewer_entry_a, minmay_statues_item
D:5:      layout_basic, gammafunk_temple_overflow_claw,
          minmay_temple_entry_mini_moons, serial_shops, shop, uniq_grinder
D:6:      layout_cave_pods, lemuel_crystal_altar, amethyst_killhole
D:7:      layout_gridville, serial_undead, serial_undead_c, serial_undead_f,
          serial_undead_f, serial_undead_c, serial_shops, shop, grunt_ogre_cave
D:8:      layout_loops_ring, chequers_temple_overflow_minitemple,
          gammafunk_ghost_necromancy
D:9:      layout_basic, gammafunk_temple_overflow_wave, lair_entry_dummy,
          serial_co_window_serial, co_window_cross_1, co_window_paths_a,
          co_window_of_opportunity_a, co_window_corner_a, co_window_paths_b,
          co_window_corner_a, co_window_paths_a, co_window_unsneaky_path_c,
          co_window_of_opportunity_c, co_window_of_opportunity_b,
          co_window_broadway_c, co_window_of_opportunity_b, glass_columns_c,
          glass_columns_b, glass_columns_a, uniq_prince_ribbit1, uniq_maurice
D:10:     minmay_firetagon, layout_basic, hiddenorc2_lemuel
D:11:     layout_irregular_city, lemuel_angel_altar
D:12:     layout_irregular_city, portal_ice_cave_entry_pillars_2,
          kennysheep_generic_room_6
D:13:     layout_rooms, enter_trove_3, uniq_kirke, uniq_erolcha
D:14:     layout_rooms, david_vaults_2, uniq_azrael
D:15:     grunt_enter_depths_magical_seal, layout_loops_corners,
          nicolae_dithmenos_the_darkroom, nicolae_barding_shop, uniq_louise
Temple:   jpeg_temple_alley_garden
Lair:1:   layout_hall_layers
Lair:2:   layout_roguey, minmay_shoals_entry_beasts, spider_nest_entry_a,
          chequers_serial_rivers_micro_e, grunt_megastairs_4
Lair:3:   layout_misc_corridors, pf_torpor_hydra, serial_bayou_shore_b,
          infiniplex_staircase_pool
Lair:4:   layout_hall_layers, minmay_lair_oklob_chamber, uniq_urug
Lair:5:   layout_regular_city, slime_altar_1, basic_altar, lemuel_old_faithful,
          uniq_rupert
Lair:6:   gammafunk_lair_ancient_temple, layout_cave_pods
Shoals:1: layout_shoals, serial_shops, shop_statue, wheals_shoals_ruined_temple
Shoals:2: layout_shoals, nicolae_shoals_c_island
Shoals:3: layout_shoals, uniq_donald
Shoals:4: shoals_end_grunt_ice, layout_shoals, nicolae_shoals_mertower
Spider:1: layout_chambers, nicolae_spider_webbed_stairs
Spider:2: layout_spider_delve, gammafunk_ghost_grave, nicolae_spider_cling_halls
Spider:3: layout_spider_delve
Spider:4: grunt_spider_rune_parallel, gammafunk_ghost_split, drop_trap
Orc:1:    layout_caves, serial_shops, shop, uniq_harold
Orc:2:    st_orc_congregation, layout_caves
Elf:1:    eino_elf_arrival_customs, layout_geoelf_octagon, evilmike_minifort,
          minivault_27
Elf:2:    layout_rooms
Elf:3:    nooodl_elf_gasket, layout_onion_city, serial_shops, bzr_in_the_mist,
          st_stairs_14, kilobyte_mutagenic_chamber
Vaults:1: v_misc_17, st_diamondy, v_misc_4, v_misc_18, v_pattern_1, v_misc_11,
          ontoclasm_vaults_twist, v_misc_24, vaults_dpeg_encased_lava,
          layout_vaults_omnigrid
Vaults:2: v_misc_12, hangedman_vaults_hat, v_misc_16, sword_in_stone,
          nicolae_vaults_rhombus_7, nicolae_vaults_border_crossing,
          ontoclasm_vaults_hangar, vaults_mumra_hexcomb, grunt_vaults_twisty,
          v_misc_12, layout_vaults_big_room
Vaults:3: grunt_vaults_hallway_long, hangedman_vaults_impose,
          nicolae_vaults_little_squares_4, v_alt_pattern_4,
          hangedman_vaults_restitches, minmay_crypt_entry_necro_gods,
          nicolae_vaults_network_s, hangedman_vaults_stretched_pinwheel,
          nicolae_vaults_bisected_slash, v_misc_28,
          vaults_mumra_minichess_inversion, v_misc_9,
          nicolae_vaults_ring_of_whatevers, v_misc_29, vaults_room_pools,
          layout_vaults_omnicross, serial_shops, nicolae_shop_behind_doors,
          uniq_mennas
Vaults:4: v_misc_18, v_pattern_2, nicolae_vaults_twisting_passages,
          st_hourglassy, nicolae_vaults_angled_halls, v_alt_pattern_1,
          nicolae_vaults_network_quincunx
          [nicolae_vaults_network_quincunx_subvault,
          nicolae_vaults_network_quincunx_subvault,
          nicolae_vaults_network_quincunx_subvault,
          nicolae_vaults_network_quincunx_subvault,
          nicolae_vaults_network_quincunx_subvault], v_misc_11,
          grunt_vaults_swirl, hangedman_vaults_corner_blocks,
          nicolae_vaults_little_squares_3, vaults_room_pool,
          nicolae_vaults_specimen_jars, nicolae_vaults_theta,
          vaults_room_hallway, ontoclasm_vaults_gateway, layout_vaults_omnibox,
          uniq_aizul
Bazaar:   bazaar_minmay_armour_weapon
Sewer:    kennysheep_door_sewer
IceCv:    ice_cave_caverns_02

Skill      XL: |  1  2  3  4  5  6  7  8  9 10 11 12 13 14 15 16 17 18 19 20 21 |
---------------+----------------------------------------------------------------+-----
Polearms       | 5 6 7 8 9 11 13 14 15 16 17 18 19 | 19.8
Dodging        | 5 6 7 8 9 11 12 13 14 15 | 15.8
Armour         | 1 2 3 4 5 7 9 10 11 12 13 14 15 | 15.3
Shields        | 2 4 5 8 11 12 | 12.2
Invocations    | 1 4 6 8 10 11 12 13 14 15 16 17 18 | 18.0
Slings         | 3 5 6 8 9 |  9.2
Summonings     | 2 |  2.4
Fighting       | 5 8 10 11 | 11.0
Throwing       | |  2.0

Action                   |  1- 3 |  4- 6 |  7- 9 | 10-12 | 13-15 | 16-18 | 19-21 || total
-------------------------+-------+-------+-------+-------+-------+-------+-------++-------
Melee: Trident           |   136 |   151 |   554 |  1054 |  2338 |   507 |       ||  4740
       Tailslap          |       |       |       |       |    37 |    21 |       ||    58
       Glaive            |       |       |       |       |    46 |       |       ||    46
       Demon trident     |       |       |       |       |       |   635 |   787 ||  1422
       Scythe            |       |       |       |       |       |       |    61 ||    61
 Fire: Hunting sling     |       |       |       |   131 |   110 |   155 |       ||   396
Throw: Throwing net      |     1 |     2 |       |     1 |     1 |       |       ||     5
       Stone             |       |    10 |    87 |    27 |       |       |       ||   124
Invok: Animate Remains   |       |       |       |    38 |       |       |       ||    38
       Recall Undead Sla |       |       |       |     2 |    13 |    19 |    11 ||    45
       Animate Dead      |       |       |       |    12 |    99 |   110 |    45 ||   266
       Drain Life        |       |       |       |       |    11 |    14 |     7 ||    32
       Enslave Soul      |       |       |       |       |     2 |     2 |       ||     4
Evoke: Wand              |       |       |    15 |    16 |    13 |    34 |     1 ||    79
       Removed lamp of f |       |       |       |       |     1 |       |       ||     1
  Use: Scroll            |       |     6 |     7 |     7 |    12 |    19 |     9 ||    60
       Potion            |       |     4 |       |     3 |     5 |     9 |       ||    21
 Stab: Sleeping          |     3 |       |     1 |       |       |       |       ||     4
       Distracted        |     1 |       |       |     4 |    45 |    32 |    23 ||   105
       Held in net/web   |       |     3 |       |       |     2 |       |       ||     5
       Paralysed         |       |       |       |     8 |       |    16 |    17 ||    41
  Eat: Removed food      |     4 |     4 |    14 |    28 |    55 |    24 |    29 ||   158
       Removed food      |       |       |     1 |     3 |     7 |    15 |     4 ||    30
Armor: Leather armour    |    27 |     1 |       |       |       |       |       ||    28
       Ring mail         |       |    28 |    27 |       |       |       |       ||    55
       Scale mail        |       |       |    40 |    25 |       |       |       ||    65
       Skin              |       |       |       |     7 |       |       |       ||     7
       Plate armour      |       |       |       |   124 |   440 |   311 |   200 ||  1075
       Chain mail        |       |       |       |       |    20 |   126 |       ||   146
Dodge: Dodged            |    56 |    62 |   239 |   251 |   675 |   570 |   202 ||  2055
Block: Buckler           |       |       |   235 |   364 |   836 |   381 |       ||  1816
       Kite shield       |       |       |       |       |       |   174 |   272 ||   446
       Reflection        |       |       |       |       |       |    17 |    36 ||    53

Table legend: (Time is in decaauts)
 A = Elapsed time spent in this place.
 B = Non-inter-level travel time spent in this place.
 C = Inter-level travel time spent in this place.
 D = Time resting spent in this place.
 E = Time spent auto-exploring this place.
 F = Levels seen in this place.
 G = Mean time per level.
                   A        B        C        D        E       F      G
               +--------+--------+--------+--------+--------+-----+--------+
         Total |  45091 |  41686 |   3405 |   7167 |  22010 |  42 | 1073.6 |
       Dungeon |  15846 |  13886 |   1960 |   1479 |   8371 |  15 | 1056.4 |
        Temple |    226 |    190 |     36 |      0 |    188 |   1 |  226.0 |
          Lair |   6622 |   6147 |    475 |    612 |   3204 |   6 | 1103.7 |
        Shoals |   3533 |   3417 |    116 |    416 |   1942 |   4 |  883.2 |
   Spider Nest |   4704 |   4433 |    271 |    854 |   2369 |   4 | 1176.0 |
  Orcish Mines |   1782 |   1505 |    277 |    203 |    712 |   2 |  891.0 |
   Elven Halls |   3838 |   3774 |     64 |    998 |   1864 |   3 | 1279.3 |
        Vaults |   7166 |   6962 |    204 |   2313 |   3067 |   4 | 1791.5 |
        Bazaar |    102 |    102 |      0 |      0 |     43 |   1 |  102.0 |
         Sewer |    214 |    214 |      0 |     80 |     86 |   1 |  214.0 |
      Ice Cave |   1053 |   1053 |      0 |    211 |    161 |   1 | 1053.0 |
               +--------+--------+--------+--------+--------+-----+--------+

Table legend:
 A = Kills in this place as a percentage of kills in entire the game.
 B = Kills by you in this place as a percentage of kills by you in the entire game.
 C = Kills by friends in this place as a percentage of kills by friends in the entire game.
 D = Other kills in this place as a percentage of other kills in the entire game.
 E = Experience gained in this place as a percentage of experience gained in the entire game.
 F = Experience gained in this place divided by the number of levels of this place that you have seen.
                   A       B       C       D       E      F
               +-------+-------+-------+-------+-------+----------------------
         Total | 100.0 | 100.0 | 100.0 | 100.0 | 100.0 | 11894.2
       Dungeon |  25.8 |  37.9 |  12.1 |  10.0 |  10.1 | 3350.7
          Lair |  11.1 |  11.4 |  10.9 |   0.0 |   8.9 | 7404.7
        Shoals |   9.0 |   5.4 |  12.8 |  30.0 |  13.3 | 16582.2
   Spider Nest |  13.7 |   8.0 |  20.5 |   0.0 |  11.6 | 14496.0
  Orcish Mines |   6.7 |   9.7 |   3.1 |  10.0 |   3.1 | 7763.5
   Elven Halls |   8.5 |   6.2 |  11.2 |  10.0 |  17.4 | 29033.3
        Vaults |  21.4 |  14.9 |  28.7 |  40.0 |  32.9 | 41142.5
         Sewer |   0.4 |   0.7 |   0.0 |   0.0 |   0.0 | 160.0
      Ice Cave |   3.4 |   5.8 |   0.7 |   0.0 |   2.6 | 13198.0
               +-------+-------+-------+-------+-------+----------------------
